 Dungeon Crawl Stone Soup version 0.14-a0-1570-g671a4b6 (webtiles) character file.

414 M4edhros the Changer (level 6, 0/38 HPs)
             Began as an Octopode Transmuter on Dec 21, 2013.
             Slain by M4edhros' ghost (6 damage)
             ... on Level 3 of the Dungeon.
             The game lasted 00:03:56 (2825 turns).

M4edhros the Changer (Octopode Transmuter)          Turns: 2825, Time: 00:03:56

HP   0/38        AC  4     Str  9      XL: 6   Next: 32%
MP  10/10        EV 11     Int 17      God:
Gold 123         SH  7     Dex 13      Spells:  2 memorised,  5 levels left

rFire  . . .     SeeInvis .       - Unarmed
rCold  . . .     Clarity  .     k - +0 buckler {AC+3}
rNeg   . . .     Conserve .     (helmet restricted)
rPois  .         rCorr    .     (no amulet)
rElec  .         rRot     .     f - ring of protection from magic {unknown}
SustAb . .       Spirit   .     (no ring)
rMut   .         Warding  .     (no ring)
Saprov . . .     Stasis   .     (no ring)
                                (no ring)
                                (no ring)
                                (no ring)
                                (no ring)

@: appendage, somewhat resistant to hostile enchantments, fairly stealthy
A: almost no armour, amphibious, 8 rings, constrict 8, spike 3, camouflage 1,
gelatinous body 1
a: End Transformation


You were on level 3 of the Dungeon.
You were hungry.
One of your tentacles had a temporary spike.
You visited 1 branch of the dungeon, and saw 3 of its levels.

You collected 123 gold pieces.

Inventory:

Missiles
 b - 12 arrows
Armour
 k - a +0 buckler of protection (worn)
Comestibles
 a - a bread ration
 j - a meat ration
 n - an apple
 r - a banana
Scrolls
 c - 5 scrolls of remove curse {unknown}
 e - 2 scrolls of random uselessness {unknown}
 g - a scroll of immolation {unknown}
 h - 2 scrolls of teleportation {unknown}
 m - a scroll of identify {unknown}
 o - a scroll of fog {unknown}
 p - a scroll of blinking {unknown}
 q - a scroll of enchant weapon I {unknown}
 s - a scroll of curse weapon {unknown}
Jewellery
 f - a ring of protection from magic (left tentacle) {unknown}
 t - an uncursed amulet of guardian spirit {unknown}
Potions
 i - a potion of mutation {unknown}
 l - 2 potions of heal wounds {unknown}
 u - a potion of speed {unknown}
Books
 d - a book of Changes

   Spells                             Type                      Level
   *Beastly Appendage                 Transmutation                1
   Sticks to Snakes                   Transmutation                2
   *Spider Form                       Transmutation/Poison         3
   Ice Form                           Ice/Transmutation            4
   Blade Hands                        Transmutation                5


   Skills:
 - Level 1.0 Fighting
 - Level 2.0 Dodging
 + Level 3.5 Unarmed Combat
 - Level 2.0 Spellcasting
 - Level 5.0 Transmutations
 - Level 4.0 Poison Magic


You had 5 spell levels left.
You knew the following spells:

 Your Spells              Type           Power        Failure   Level  Hunger
a - Beastly Appendage     Trmt           ###...       2%          1    #......
b - Spider Form           Trmt/Pois      ###.......   12%         3    ####...


Dungeon Overview and Level Annotations

Branches:
Dungeon (3/16)

Altars:
Elyvilon
Kikubaaqudgha
Okawaru

Annotations:
D:3 M4edhros' ghost, average OpTm


Innate Abilities, Weirdness & Mutations

You cannot wear most types of armour.
You are amphibious.
You can wear up to eight rings at the same time.*
You can use your tentacles to constrict many enemies at once.*
Your skin changes colour to match your surroundings (Stlth).*
Your rubbery body absorbs attacks (AC +1).*
One of your tentacles bears a large vicious spike.*


Message History

M4edhros' ghost is almost destroyed.
M4edhros' ghost misses you.
You hit M4edhros' ghost.
Your tentacle spike misses M4edhros' ghost.
M4edhros' ghost is almost destroyed.
M4edhros' ghost hits you.
You barely miss M4edhros' ghost.
M4edhros' ghost is almost destroyed.
M4edhros' ghost hits you!
* * * LOW HITPOINT WARNING * * *
You hit M4edhros' ghost.
M4edhros' ghost is almost destroyed.
M4edhros' ghost closely misses you. M4edhros' ghost hits you.
* * * LOW HITPOINT WARNING * * *
You closely miss M4edhros' ghost.
Your tentacle spike misses M4edhros' ghost.
You squeeze M4edhros' ghost.
M4edhros' ghost is almost destroyed.
M4edhros' ghost hits you.
You die...

#.# #.# #.##.# #.#
#.###.##.# #.#
#.#......########### #.#
#.#.#..............# #.#
#.#......########.## #.#
#.#...#......# #.# #.#
#.#...#.####.# #.#
#.###.....#....#.# #.#
...##...#.###..#@# #.#
...##...#.####.#p# #.#
...##...#......#.# #.#
...##...#.##.#.#.####.##
...............#.#.....#
........#....###.#.#####
........#.#......#.#
..........##.#####.#
........#....# #.#


You could see M4edhros' ghost.

Vanquished Creatures
  3 vampire bats (D:2)
  An orc priest (D:3)
  An orc wizard (D:3)
  2 gnolls (D:3)
  3 adders (D:2)
  2 giant geckos
  An orc (D:3)
  13 bats
  2 bat skeletons (D:2)
  6 bat zombies (D:2)
  3 giant cockroaches
  8 hobgoblins
  5 jackals (D:2)
  7 kobolds
  4 quokkas
  4 giant newts
  6 goblins
  6 rats
77 creatures vanquished.

Vanquished Creatures (others)
  A hobgoblin (D:3)
1 creature vanquished.

Grand Total: 78 creatures vanquished

Notes
Turn   | Place    | Note
--------------------------------------------------------------
     0 | D:1      | M4edhros, the Octopode Transmuter, began the quest for the Orb.
     0 | D:1      | Reached XP level 1. HP: 13/13 MP: 3/3
   160 | D:1      | Reached XP level 2. HP: 11/18 MP: 4/4
   634 | D:1      | Reached XP level 3. HP: 10/23 MP: 6/6
  1020 | D:2      | Reached skill level 4 in Transmutations
  1030 | D:2      | Learned a level 3 spell: Spider Form
  1038 | D:2      | Reached XP level 4. HP: 12/28 MP: 7/7
  1275 | D:2      | Reached skill level 1 in Poison Magic
  1378 | D:2      | Found an iron altar of Okawaru.
  1491 | D:2      | Found an ancient bone altar of Kikubaaqudgha.
  1496 | D:2      | Reached XP level 5. HP: 17/33 MP: 9/9
  2083 | D:3      | Reached XP level 6. HP: 25/38 MP: 8/10
  2224 | D:3      | Found a white marble altar of Elyvilon.
  2731 | D:3      | Reached skill level 5 in Transmutations
  2804 | D:3      | Noticed M4edhros' ghost (average OpTm)
  2825 | D:3      | Slain by M4edhros' ghost

Action                   |  1- 3 |  4- 6 || total
-------------------------+-------+-------++-------
Melee: Unarmed           |    83 |   116 ||   199
 Cast: Beastly Appendage |     1 |     7 ||     8
  Use: Potion            |     2 |     1 ||     3
 Stab: Sleeping          |     4 |     3 ||     7
